 Dungeon Crawl Stone Soup version 0.21.1-1-g345015f (webtiles) character file.

3 joejoepie the Sneak (level 1, -1/11 HPs)
             Began as a Vine Stalker Assassin on May 12, 2018.
             Slain by a kobold
             ... wielding a +0 short sword
              (3 damage)
             ... on level 1 of the Dungeon.
             The game lasted 00:01:32 (234 turns).

joejoepie the Sneak (Vine Stalker Assassin)          Turns: 234, Time: 00:01:33

Health: -1/11      AC:  3    Str: 13    XL:     1   Next: 50%
Magic:  0/2        EV: 11    Int: 11    God:
Gold:   15         SH:  0    Dex: 15    Spells: 0/0 levels left

rFire    . . .     SeeInvis .   b - +0 blowgun
rCold    . . .     Gourm    .   (no shield)
rNeg     . . .     Faith    .   c - +0 robe
rPois    .         Spirit   +   (no helmet)
rElec    .         Reflect  .   d - +0 cloak
rCorr    .         Harm     .   (no gloves)
MR       .....     Clarity  +   (no boots)
Stlth    +++.......             (no amulet)
HPRegen  0.03/turn              (no ring)
MPRegen  0.08/turn              (no ring)

@: no status effects
A: fangs 2, blink, clarity, mutation resistance 1, magic shield, antimagic bite,
no potion heal 3, rot immunity
a: Blink


You were on level 1 of the Dungeon.
You were not hungry.

You visited 1 branch of the dungeon, and saw 1 of its levels.

You collected 15 gold pieces.

Inventory:

Hand Weapons
 a - a +2 dagger
 b - a +0 blowgun (weapon)
Missiles
 e - 6 poisoned needles (quivered)
 f - 2 curare-tipped needles
Armour
 c - a +0 robe (worn)
 d - a +0 cloak (worn)
Comestibles
 g - a ration
 i - 2 chunks of flesh


   Skills:
 + Level 1.8 Fighting
 + Level 1.8 Short Blades
 + Level 1.7 Throwing
 + Level 0.7 Dodging
 + Level 5.0 Stealth


You couldn't memorise any spells.
You didn't know any spells.

Dungeon Overview and Level Annotations

Branches:
Dungeon (1/15)

Altars:


Innate Abilities, Weirdness & Mutations

You have extremely sharp teeth.
When hurt, damage is shared between your health and your magic reserves.
Your bite disrupts and absorbs the magic of your enemies.
Potions cannot restore your health.
You are immune to rotting.
You can translocate small distances at will.
You possess an exceptional clarity of mind.
You are somewhat resistant to further mutation.


Message History

You completely miss the kobold. You bite the kobold, but do no damage.
The kobold hits you but does no damage.
You hit the kobold.
You kill the kobold!
A dart slug comes into view.
The kobold hits you with a short sword.
b - a +0 blowgun (weapon)
The kobold hits you with a short sword.
* * * LOW HITPOINT WARNING * * *
Firing (i - inventory. (,) - cycle):
e - 8 poisoned needles (quivered)
Press: ? - help, Shift-Dir - straight line, f - kobold
Aim: a kobold, wielding a short sword You shoot a poisoned needle.
The poisoned needle closely misses the kobold.
Firing (i - inventory. (,) - cycle):
e - 7 poisoned needles (quivered)
Press: ? - help, Shift-Dir - straight line, f/p - kobold
Aim: a kobold, wielding a short sword You shoot a poisoned needle.
The poisoned needle hits the kobold.
The kobold is poisoned.
The kobold hits you with a short sword.
You die...

#..## ##### ######.#### #
..#.......# #w #.#.##.##.#
#..#####.#.##.##.# #
#....)##.#.##..#.# ## #.
#.##.#.......## ##.
##...#.##[#####....####รท.
..(.....K@.............'..
###........#####....####..
##.#...### #.#.## ##.
###...# #.### ## ......
#.# ##### ....... #.#
#.... #........ #.# #.###
####.$.## #.#####.#
#.......#


You could see a kobold.

Vanquished Creatures
  A goblin (D:1)
  A bat (D:1)
  2 kobolds (D:1)
4 creatures vanquished.

Notes
Turn   | Place    | Note
-------+----------+-------------------------------------------
     0 | D:1      | joejoepie the Vine Stalker Assassin began the quest for the Orb.
     0 | D:1      | Reached XP level 1. HP: 11/11 MP: 2/2
   156 | D:1      | Reached skill level 5 in Stealth
   222 | D:1      | Gained mutation: You possess an exceptional clarity of mind. [potion of mutation]
   222 | D:1      | Gained mutation: You can translocate small distances at will. [potion of mutation]
   222 | D:1      | Gained mutation: You are somewhat resistant to further mutation. [potion of mutation]
   234 | D:1      | Slain by a kobold

Skill      XL: |  1 |
---------------+----+-----
Stealth        | 5 |  5.0
Fighting       | |  1.8
Short Blades   | |  1.8
Throwing       | |  1.7
Dodging        | |  0.7

Action                   || total
-------------------------++-------
Melee: Dagger            ||     5
       Bite              ||     1
 Fire: Blowgun           ||     2
  Use: Scroll            ||     1
       Potion            ||     1
 Stab: Sleeping          ||     3
Armor: Robe              ||     1
